 Dungeon Crawl Stone Soup version 0.32-a0-401-g0bcb2a7693 (webtiles) character file.

Game seed: 2908757491567012967

1430405 EnegeticOcto the Draconian Barricade (level 25, 246/246 HPs)
             Began as a Purple Draconian Alchemist on Feb 20, 2024.
             Was the Champion of the Shining One.
             Escaped with the Orb
             ... and 3 runes!
             The game lasted 02:40:41 (94320 turns).

EnegeticOcto the Draconian Barricade (DrAl)        Turns: 94320, Time: 02:40:42

Health: 246/246    AC: 27    Str: 12    XL:     25   Next: 73%
Magic:  61/61      EV: 16    Int: 30    God:    the Shining One [******]
Gold:   2024       SH: 31    Dex: 12    Spells: 13/66 levels left

rFire   + + .        f - staff of fire
rCold   . . .        H - +7 tower shield of Ornamental Happiness {MP+9 Int+4}
rNeg    + + +        (body armour unavailable)
rPois   +            e - +3 crown of Dyrovepreva {rElec Int+2 SInv}
rElec   +            h - +0 cloak "Xirim" {Will+ Int+3}
rCorr   .            q - +2 pair of gloves
SInv    +            Y - +3 pair of mountain boots {steadfast, rC+}
Will    +++++        y - amulet of Wuus {RegenMP rElec rPois Will++ Int-5}
Stlth   +            j - +4 ring of protection
HPRegen 0.61/turn    A - ring of magical power
MPRegen 0.77/turn

%: no passive effects
@: glowing, studying Summonings
A: breathe power, AC +12, unfitting armour, cold-blooded, antennae 1, hooves 1,
deterioration 1, fire resistance 1, low MP 1, screaming 2, cold vulnerability 1,
MP-powered wands
0: Orb of Zot
}: 3/15 runes: decaying, serpentine, silver
a: Breathe Dispelling Energy, Renounce Religion, Divine Shield, Cleansing Flame,
Summon Divine Warrior, Brand Weapon With Holy Wrath


You escaped.
You worshipped the Shining One.
The Shining One was exalted by your worship.
You visited 11 branches of the dungeon, and saw 51 of its levels.
You also visited: Trove and Ice Cave.

You collected 8390 gold pieces.
You spent 6366 gold pieces at shops.

Inventory:

Hand Weapons
 a - the +9 long sword "Ihadwuse" {drain, *Rage +Blink rPois rC+++}
   (You found it on level 3 of the Vaults)

   rC+++:     It renders you almost immune to cold.
   rPois:     It protects you from poison +Blink: It lets you blink.
   *Rage:     It berserks you when you make melee attacks (+20% chance).
   The Shining One disapproves of the use of such an item.
Missiles
 E - 7 throwing nets {!f}
 V - 6 curare-tipped darts
Armour
 e - the +3 crown of Dyrovepreva (worn) {rElec Int+2 SInv}
   (You found it on level 1 of the Crypt)

   Int+2:     It affects your intelligence (+2).
   rElec:     It insulates you from electricity.
   SInv:      It lets you see invisible.
 h - the +0 cloak "Xirim" (worn) {Will+ Int+3}
   (You found it on level 6 of the Dungeon)

   Int+3:     It affects your intelligence (+3).
   Will+:     It increases your willpower.
 q - a +2 pair of gloves (worn)
   (You found it on level 2 of the Dungeon)
 H - the +7 tower shield of Ornamental Happiness (worn) {MP+9 Int+4}
   (You bought it in a shop on level 4 of the Depths)

   Int+4:     It affects your intelligence (+4).
   MP+9:      It affects your magic capacity (+9).
 Y - the +3 pair of mountain boots (worn) {steadfast, rC+}
   (You acquired it on level 4 of the Depths)

   Steadfast: It prevents involuntary movement, except for blinking,
   teleportation, or banishment.
   rC+:       It protects you from cold.
Magical Staves
 b - a staff of conjuration
   (You found it on level 3 of the Elven Halls)
 f - a staff of fire (weapon)
   (You found it on level 3 of the Elven Halls)
Jewellery
 j - a +4 ring of protection (left hand)
   (You found it on level 7 of the Dungeon)
 y - the amulet of Wuus (around neck) {RegenMP rElec rPois Will++ Int-5}
   (You found it in a treasure trove)

   [amulet of magic regeneration]

   RegenMP:   It increases your rate of magic regeneration.
   Int-5:     It affects your intelligence (-5).
   rElec:     It insulates you from electricity.
   rPois:     It protects you from poison Will++: It greatly increases your
   willpower.
 A - a ring of magical power (right hand)
   (You found it on level 3 of the Dungeon)
 M - a ring of resist corrosion
   (You found it on level 8 of the Dungeon)
 R - a ring of protection from fire
   (You took it off a hell knight on level 5 of the Vaults)
Wands
 m - a wand of digging (24) {@v3}
   (You found it on level 11 of the Dungeon)
 o - a wand of acid (44) {@v1}
   (You found it on level 8 of the Dungeon)
 J - a wand of iceblast (42) {@v2}
   (You found it on level 7 of the Dungeon)
 O - a wand of paralysis (53)
   (You found it on level 8 of the Dungeon)
 P - a wand of flame (84) {@v4}
   (You found it on level 2 of the Lair of Beasts)
 S - a wand of polymorph (23)
   (You found it on level 9 of the Dungeon)
 T - a wand of mindburst (32)
   (You found it on level 1 of the Elven Halls)
Scrolls
 c - 5 scrolls of immolation
 g - 11 scrolls of blinking {@r4}
 l - 3 scrolls of silence {!r}
 r - 18 scrolls of teleportation {@r3 !r}
 B - a scroll of enchant armour
 C - 11 scrolls of fear {!r}
 D - 13 scrolls of fog {!r}
 K - 9 scrolls of poison {!r}
 L - 3 scrolls of vulnerability
 W - 2 scrolls of butterflies {!r}
Potions
 d - 19 potions of heal wounds {@q2 !q}
 i - 10 potions of mutation
 k - 6 potions of ambrosia
 n - 6 potions of attraction
 p - 4 potions of brilliance
 s - 11 potions of curing {@q1 !q}
 t - 2 potions of resistance
 u - 4 potions of magic
 v - 6 potions of might {@q3 !q}
 w - 7 potions of cancellation
 x - 3 potions of berserk rage
 z - 9 potions of lignification {@q6}
 F - 14 potions of haste {@q4 !q}
 G - 5 potions of enlightenment
Miscellaneous
 N - a phial of floods
   (You found it on level 14 of the Dungeon)
 Q - a phantom mirror
   (You found it on level 4 of the Snake Pit)
 U - a lightning rod (4/4)
   (You found it on level 10 of the Dungeon)
 X - a condenser vane
   (You found it in an ice cave)


   Skills:
 + Level 24.2 Fighting
 - Level 10.0 Dodging
 - Level 6.0 Stealth
 O Level 27 Shields
 - Level 21.0 Spellcasting
 - Level 8.0 Conjurations
 - Level 3.0 Fire Magic
 - Level 5.0 Ice Magic
 - Level 19.0 Air Magic
 - Level 12.0 Alchemy
 - Level 12.0 Invocations
 - Level 7.0 Evocations


You had 13 spell levels left.
You knew the following spells:

 Your Spells              Type           Power      Damage    Failure   Level
a - Sticky Flame          Fire/Alch      86%        2d13      1%          4
b - Olgreb's Toxic Radia  Alch           80%        N/A       1%          4
c - Arcjolt               Conj/Air       42%        1d52      1%          5
d - Maxwell's Capacitive  Air            49%        ∞         3%          8
e - Mephitic Cloud        Conj/Alch/Air  83%        N/A       0%          3
f - Sting                 Conj/Alch      100%       1d9       1%          1
g - Summon Small Mammal   Summ           100%       N/A       1%          1
h - Apportation           Tloc           62%        N/A       1%          1
i - Vhi's Electric Charg  Tloc/Air       100%       N/A       1%          4
j - Iskenderun's Mystic   Conj/Tloc      53%        2d11      2%          4
p - Passwall              Erth           31%        N/A       3%          3
x - Ozocubu's Armour      Ice            57%        N/A       1%          3
z - Irradiate             Conj/Alch      37%        3d24      1%          5
N - Silence               Hex/Air        36%        N/A       1%          5
Y - Blink                 Tloc           62%        N/A       1%          2

Your spell library contained the following spells:

 Spells                   Type           Power      Damage    Failure   Level
 Mercury Vapours          Alch/Air       100%       N/A       0%          2
 Swiftness                Air            98%        N/A       0%          3
 Kiss of Death            Conj/Necr      100%       2d13      1%          1
 Magic Dart               Conj           100%       1d8       1%          1
 Necrotise                Necr           100%       1d9       1%          1
 Sandblast                Erth           62%        2d14      1%          1
 Call Imp                 Summ           62%        N/A       1%          2
 Ensorcelled Hibernation  Hex/Ice        92%        N/A       1%          2
 Jinxbite                 Hex            62%        N/A       1%          2
 Lesser Beckoning         Tloc           62%        N/A       1%          2
 Momentum Strike          Conj/Tloc      100%       3d10      1%          2
 Scorch                   Fire           100%       2d9       1%          2
 Dazzling Flash           Conj/Hex       100%       N/A       1%          3
 Hailstorm                Conj/Ice       63%        3d12      1%          3
 Stone Arrow              Conj/Erth      100%       3d13      1%          3
 Summon Ice Beast         Ice/Summ       46%        N/A       1%          3
 Flame Wave               Conj/Fire      77%        2d17      1%          4
 Leda's Liquefaction      Alch/Erth      30%        N/A       1%          4
 Summon Lightning Spire   Summ/Air       73%        N/A       1%          4
 Iskenderun's Battlesphe  Conj           68%        2d12      1%          5
 Conjure Ball Lightning   Conj/Air       42%        3x3d15    1%          6
 Eringya's Noxious Bog    Alch           40%        4d6       1%          6
 Brom's Barrelling Bould  Conj/Erth      53%        2d7       2%          4
 Yara's Violent Unravell  Hex/Alch       30%        3d13      2%          5
 Confusing Touch          Hex            31%        N/A       3%          3
 Fugue of the Fallen      Necr           31%        N/A       3%          3
 Gell's Gravitas          Tloc           31%        N/A       3%          3
 Teleport Other           Tloc           31%        N/A       3%          3
 Tukima's Dance           Hex            31%        N/A       3%          3
 Fireball                 Conj/Fire      38%        3d16      3%          5
 Sculpt Simulacrum        Ice/Alch       35%        N/A       5%          6
 Anguish                  Hex/Necr       15%        N/A       11%         4
 Dispel Undead            Necr           31%        3d14      11%         4
 Manifold Assault         Tloc           31%        N/A       11%         4
 Passage of Golubria      Tloc           31%        N/A       11%         4
 Lee's Rapid Deconstruct  Erth           15%        3d10*     30%         5
 Summon Forest            Summ/Tloc      15%        N/A       30%         5
 Summon Mana Viper        Hex/Summ       31%        N/A       30%         5
 Bombard                  Conj/Erth      26%        9d5       32%         6
 Orb of Destruction       Conj           34%        9d10      34%         7
 Death Channel            Necr           15%        N/A       86%         6
 Dispersal                Tloc           15%        N/A       86%         6
 Summon Cactus Giant      Summ           15%        N/A       86%         6
 Chain Lightning          Conj/Air       42%        3d56      99%         9
 Enfeeble                 Hex            15%        N/A       100%        7
 Monstrous Menagerie      Summ           15%        N/A       100%        7
 Summon Hydra             Summ           15%        N/A       100%        7
 Discord                  Hex            15%        N/A       100%        8
 Disjunction              Tloc           15%        N/A       100%        8
 Lehudib's Crystal Spear  Conj/Erth      26%        10d7      100%        8
 Animate Armour           Summ/Erth      Unusable   N/A       N/A         4

Dungeon Overview and Level Annotations

Branches:
Dungeon (15/15)            Temple (1/1) D:6            Lair (5/5) D:10
  Swamp (4/4) Lair:3        Snake (4/4) Lair:3        Slime (0/5) Lair:5
    Orc (2/2) D:10            Elf (3/3) Orc:2        Vaults (5/5) D:13
  Crypt (3/3) Vaults:2       Tomb (0/3) Crypt:3      Depths (4/4) D:15
    Zot (5/5) Depths:4      IceCv (visited)

Altars:
Ashenzari
Cheibriados
Dithmenos
Elyvilon
Fedhas
Gozag
Hepliaklqana
Kikubaaqudgha
Makhleb
Nemelex Xobeh
Okawaru
Qazlal
Ru
Sif Muna
Trog
Uskayaw
Vehumet
Wu Jian
Xom
Yredelemnul
Zin
The Shining One
Beogh
Lugonu

Shops:
D:2 [(   D:3 !   D:11 !   D:12 :   D:15 [   Orc:2 *[=!([[?   Elf:1 [
Vaults:1 ?[   Depths:2 :=:   Depths:4 ??*

Portals:
Hell: Depths:1 Depths:2 Depths:3 Depths:4
Abyss: Depths:3
Pandemonium: Depths:1 Depths:2
Ziggurat: Depths:2

Annotations:
Elf:2 5 runed translucent doors, exclusion: door
Elf:3 2 runed translucent doors, exclusion: 2 doors, flinch's ghost, adept CoGl
Crypt:1 4 transporters, exclusion: orange crystal statue, Opnirgha's ghost, veteran GrEE
Zot:4 1 transporter


Innate Abilities, Weirdness & Mutations

You can breathe bolts of dispelling energy.
Your rich purple scales are hard. (AC +12)
You cannot fit into any form of body armour.
You are cold-blooded and may be slowed by cold attacks.
You have a pair of small antennae on your head.
You have large cloven feet.
Your body sometimes deteriorates upon taking damage.
Your flesh is heat resistant. (rF+)
Your magical capacity is low. (-10% MP)
You frequently scream uncontrollably at your foes.
You are vulnerable to cold. (rC-)
You expend magic power (3 MP) to strengthen your wands.


Message History

You see here a yak skeleton.
There is a stone staircase leading up here.
You climb upwards.
There is a stone staircase leading down here.
There is a stone staircase leading up here.
You climb upwards.
There is a stone staircase leading down here.
There is an open door here.
A sixfirhy comes into view.
Unknown command.
Unknown command.
Unknown command.
There is a stone staircase leading up here.
You block the sixfirhy's attack. x2
You climb upwards.
There is a stone staircase leading down here.
(D) Dungeon (T) Temple (L) Lair (S) Swamp (P) Snake Pit (M) Slime Pits (O) Orcish Mines (E) Elven Halls (V) Vaults (C) Crypt (W) Tomb (U) Depths (H) Hell (Z) Zot
Where to? (Tab/Enter - D:1 @ (x,y), ? - help)
A ynoxinul comes into view.
You scream at the ynoxinul!
Unknown command.
The ynoxinul moves out of view.
The ynoxinul gestures.
(D) Dungeon (T) Temple (L) Lair (S) Swamp (P) Snake Pit (M) Slime Pits (O) Orcish Mines (E) Elven Halls (V) Vaults (C) Crypt (W) Tomb (U) Depths (H) Hell (Z) Zot
Where to? (Tab/Enter - D:1 @ (x,y), ? - help)
A ynoxinul is nearby!
There is a stone staircase leading up here.
You climb upwards.
There is a stone staircase leading down here.
(D) Dungeon (T) Temple (L) Lair (S) Swamp (P) Snake Pit (M) Slime Pits (O) Orcish Mines (E) Elven Halls (V) Vaults (C) Crypt (W) Tomb (U) Depths (H) Hell (Z) Zot
Where to? (Tab/Enter - D:1 @ (x,y), ? - help)
There is a stone staircase leading up here.
You climb upwards.
There is a stone staircase leading down here.
A smoke demon comes into view.
Unknown command.
The smoke demon gestures at you. Something smites you!
Casting: Irradiate (mildly dangerous; 1% risk of failure)
Confirm with . or Enter, or press ? or * to list all spells.
Electricity surges outward!
Casting: Arcjolt (safe; 1% risk of failure)
Confirm with . or Enter, or press ? or * to list all spells.
Electricity surges outward!
The smoke demon is struck by an electric surge!!!
You kill the smoke demon!
The Shining One accepts your kill.
You feel better.
You feel your power returning.
(D) Dungeon (T) Temple (L) Lair (S) Swamp (P) Snake Pit (M) Slime Pits (O) Orcish Mines (E) Elven Halls (V) Vaults (C) Crypt (W) Tomb (U) Depths (H) Hell (Z) Zot
Where to? (Tab/Enter - D:1 @ (x,y), ? - help)
A Tzitzimitl comes into view.
You scream at the Tzitzimitl!
The Tzitzimitl roars!
There is an open door here.
Unknown command.
Unknown command.
Casting: Arcjolt (safe; 1% risk of failure)
Confirm with . or Enter, or press ? or * to list all spells.
You begin accumulating electric charge. (Press . to continue charging.)
You feel charge building up...
You feel charge building up...
You feel charge building up...
You feel charge building up... You block the Tzitzimitl's attack. x2
The electricity discharges through the Tzitzimitl!!!!
The Tzitzimitl vaporises in an electric haze!
You kill the Tzitzimitl!
The Shining One accepts your kill.
You feel your power returning.
Unknown command.
(D) Dungeon (T) Temple (L) Lair (S) Swamp (P) Snake Pit (M) Slime Pits (O) Orcish Mines (E) Elven Halls (V) Vaults (C) Crypt (W) Tomb (U) Depths (H) Hell (Z) Zot
Where to? (Tab/Enter - D:1 @ (x,y), ? - help) Magic restored.
There is a stone staircase leading up here.
You climb upwards.
There is a stone staircase leading down here.
There is a stone staircase leading up here.
You climb upwards.
There is a stone staircase leading down here.
There is a stone staircase leading up here.
You climb upwards.
There is a stone staircase leading down here.
There is a staircase leading out of the dungeon here.
Unknown command.
You have escaped!

.......##.......# ##....##.......
.....>.....#....###..##.##..#....
............#....##.###..#.#..>##
..........###.......# ##...#.#.#
..........# ###..#.## ##......##
..........# #....# #.....#.##
..........## ##..## ###.........
#####......## #...####...#.......
# #.......###.@..##....#.###... #
###.#..#.......#...###.##..## #
#.#..######....###.......# #
#.#.########..##....###.## #
###...................#...# #
#####.....................#.#####
......#######.#.......÷...#.###..
####### #.#.........#.......# #
#......#...........##


There were no monsters in sight!

Vanquished Creatures
  5 dread liches
  4 ancient liches (Zot:5)
  4 orbs of fire (Zot:5)
  2 juggernauts
  Sojobo (Vaults:4)
  the Lernaean hydra (Swamp:4)
  Margery (Depths:3)
  2 Killer Klowns (Zot:5)
  Vashnia (Snake:2)
  5 caustic shrikes (Depths:4)
  A curse toe (Zot:5)
  Nikola (Swamp:4)
  6 golden dragons
  Norris (Vaults:2)
  2 electric golems (Zot:5)
  A Brimstone Fiend (D:14)
  A Tzitzimitl (D:4)
  8 tentacled monstrosities
  A hellephant (Depths:4)
  Jorgrun (D:12)
  A walking earthen tome (Depths:3)
  Rupert (Snake:1)
  2 deep elf master archers (Elf:3)
  9 liches
  20 Orb Guardians (Zot:5)
  2 deep elf blademasters (Elf:3)
  6 titans
  An Executioner (Depths:1)
  4 quicksilver dragons
  5 sphinxes
  An ancient champion (Crypt:1)
  Gastronok (Lair:3)
  Frances (Snake:1)
  4 death cobs (Zot:5)
  11 shadow dragons
  11 tengu reavers
  7 storm dragons
  3 nagarajas (Snake:4)
  Aizul (Swamp:1)
  Kirke (Snake:1)
  11 fire giants
  4 draconian monks (Zot:5)
  2 draconian knights
  Louise (Swamp:2)
  20 vault wardens
  5 deep elf sorcerers
  2 draconian scorchers
  A spectral juggernaut (Depths:4)
  2 deep elf elementalists (Elf:3)
  A ghost moth (Zot:5)
  7 frost giants
  The ghost of anet the Geomancer, an adept GrCj of Hepliaklqana (Swamp:2)
  A curse skull (Crypt:2)
  2 cacodemons
  2 formless jellyfish
  2 caustic shrike skeletons
  4 draconian stormcallers
  4 spriggan defenders
  A reaper (Crypt:1)
  11 ironbound thunderhulks
  17 very ugly things
  7 ghouls
  21 ironbound preservers
  14 stone giants
  The ghost of makewrite the Marksminotaur, a journeyman MiFi of Gozag (Lair:5)
  6 vampire knights
  2 black draconians (Zot:5)
  3 green draconians
  7 deep elf demonologists
  A minotaur (Lair:5)
  3 red draconians
  9 deep elf death magi
  5 deep elf annihilators
  5 white draconians
  8 war gargoyles
  A yellow draconian (Zot:5)
  2 purple draconians (Zot:5)
  2 eleionomae
  8 spark wasps
  8 dire elephants
  13 ettins
  3 crystal guardians (Crypt:3)
  9 bunyips
  An eidolon (Crypt:2)
  5 fire dragons
  9 jiangshi
  5 deep elf high priests
  9 great orbs of eyes
  2 spriggan zombies
  32 vault guards
  4 rakshasas
  A sphinx zombie (Depths:1)
  19 yaktaur captains
  20 hydras
  5 ice dragons
  7 ogre magi
  3 peacekeepers (Vaults:1)
  8 salamander tyrants
  11 boulder beetles
  A death knight (Crypt:1)
  7 ironbound frosthearts
  5 spriggan air magi
  A ghost crab (Swamp:2)
  A catoblepas (Lair:5)
  12 centaur warriors
  11 dancing weapons
  7 alligators
  6 death yaks (Lair:5)
  6 tengu warriors
  15 two-headed ogres
  20 anacondas
  5 vampire magi
  An Orb Guardian skeleton (Crypt:1)
  4 deep troll shamans
  A titan zombie (Crypt:3)
  2 deep troll earth magi
  6 spriggan berserkers
  12 naga sharpshooters
  15 naga warriors
  Nergalle (Lair:2)
  23 hell knights
  A soul eater (Depths:4)
  Urug (Lair:2)
  13 shock serpents
  8 deep elf knights
  3 skysharks
  The ghost of Vendren the Fighter, a novice MfSh of Ru (D:8)
  A skyshark (shapeshifter) (Vaults:5)
  8 spriggans
  A shadow wraith (Crypt:1)
  2 iron trolls
  A fire crab (shapeshifter) (Vaults:5)
  10 salamander mystics
  A sixfirhy (D:14)
  5 goliath frogs
  22 skeletal warriors
  A storm dragon skeleton (Crypt:1)
  A goliath frog (shapeshifter) (Depths:1)
  47 deep trolls
  4 sea snakes (Snake:1)
  17 bog bodies
  4 flayed ghosts
  A golden dragon zombie (Crypt:3)
  10 arcanists
  A shock serpent (shapeshifter) (Depths:3)
  4 spriggan druids
  18 mana vipers
  7 swamp dragons (Swamp:4)
  13 lindwurms
  9 naga ritualists
  4 glowing orange brains
  11 deep elf archers
  16 necromancers
  A jorogumo zombie (Crypt:2)
  15 ironbound convokers
  10 harpies
  An anaconda skeleton (Crypt:3)
  12 phantasmal warriors
  25 deep elf pyromancers
  6 orc knights
  A shadow dragon skeleton (Crypt:3)
  23 deep elf zephyrmancers
  4 orc sorcerers
  42 ugly things
  3 cyclopes
  A manticore (D:14)
  A shining eye (shapeshifter) (Depths:3)
  24 salamanders
  4 will-o-the-wisps
  A frost giant zombie (Depths:1)
  2 stone giant zombies
  12 guardian serpents
  A fire giant zombie (Depths:1)
  2 stone giant skeletons (Crypt:3)
  5 elephants (Lair:5)
  3 kobold blastminers (Orc:2)
  An elephant (shapeshifter) (Vaults:5)
  A water nymph (shapeshifter) (Vaults:5)
  A frost giant skeleton (Crypt:1)
  40 black mambas
  A dire elephant zombie (Crypt:2)
  An orc zombie (Crypt:2)
  5 moths of wrath
  2 torpor snails
  16 naga magi
  2 ice statues (IceCv)
  An orange demon (D:14)
  8 cane toads
  3 gargoyles
  16 vault sentinels
  A smoke demon (D:4)
  2 spectral iron trolls (Crypt:2)
  Jeremiah (D:6)
  A dire elephant skeleton (Crypt:2)
  9 komodo dragons
  2 freezing wraiths
  36 yaktaurs
  3 large abominations (Depths:1)
  8 rime drakes
  5 tengu conjurers
  An orb spider zombie (Crypt:1)
  Psyche (D:12)
  3 spectral deep trolls (Crypt:2)
  A harpy zombie (Crypt:2)
  A red draconian skeleton (Crypt:2)
  An ice devil (D:14)
  A tormentor (Depths:2)
  2 polar bears (Lair:5)
  11 tyrant leeches
  9 trolls
  2 harpy skeletons (Crypt:2)
  A glass eye (Depths:2)
  8 hornets
  10 dream sheep (Lair:4)
  17 blink frogs
  A meliai zombie (D:10)
  A boulder beetle zombie (Crypt:1)
  A glass eye (shapeshifter) (Depths:2)
  A fire dragon zombie (Crypt:3)
  3 air elementals
  36 slime creatures
  4 small abominations (D:7)
  2 vampires
  63 yaks
  2 fire elementals
  4 water elementals
  12 wraiths
  6 basilisks
  6 wyverns
  6 wargs
  2 steam dragons
  6 hogs (Snake:1)
  A black mamba skeleton (Crypt:2)
  A redback (shapeshifter) (Vaults:5)
  9 vampire mosquitoes
  4 death yak simulacra (Lair:5)
  18 swamp worms
  A chaos spawn (D:15)
  14 water moccasins
  44 nagas
  3 hydra simulacra
  3 acid dragons
  2 naga zombies (Crypt:3)
  25 orc warriors
  A swamp worm (shapeshifter) (Depths:3)
  A naga skeleton (Crypt:3)
  10 swamp drakes
  A sky beast (D:5)
  33 laughing skulls
  3 ice beasts (D:10)
  30 ogres
  2 black bears (Lair:5)
  14 centaurs
  18 wolves
  A phantom (D:6)
  A komodo dragon zombie (Crypt:2)
  16 bullfrogs
  5 kobold brigands
  3 earth elementals
  4 scorpions
  A gnoll sergeant (D:10)
  5 lindwurm simulacra (IceCv)
  An elephant simulacrum (Lair:5)
  5 killer bees
  11 electric eels
  4 howler monkeys
  6 komodo dragon simulacra (IceCv)
  4 bombardier beetles
  3 centaur zombies (D:10)
  A jelly (D:5)
  A black bear zombie (Crypt:1)
  3 gnoll boudas
  24 orc priests
  A sleepcap (D:7)
  Crazy Yiuf (D:5)
  A black bear skeleton (Crypt:2)
  Natasha (thrice) (D:3)
  3 iguanas
  23 orc wizards
  5 hell rats
  A sky beast zombie (Crypt:2)
  An acid dragon zombie (Crypt:1)
  2 howler monkey zombies
  16 gnolls
  3 acid dragon simulacra (IceCv)
  4 adders
  5 river rats (Lair:4)
  12 white imps (Lair:3)
  4 hell rat simulacra (Lair:5)
  7 steam dragon simulacra (IceCv)
  An adder skeleton (Crypt:1)
  An iguana skeleton (Crypt:2)
  4 dart slugs
  3 ribbon worms
  64 orcs
  13 ball pythons
  7 endoplasms
  7 goblins
  7 hobgoblins
  9 kobolds
  5 quokkas
  A ball python skeleton (Crypt:1)
  4 bats
  7 frilled lizards
  A giant cockroach zombie (Crypt:1)
  A hobgoblin zombie (Crypt:1)
  15 rats
  A butterfly (Lair:1)
2099 creatures vanquished.

Vanquished Creatures (collateral kills)
  A bone dragon (Crypt:3)
  A dancing weapon (Crypt:3)
  2 naga sharpshooters (Snake:2)
  A skeletal warrior (Crypt:3)
5 creatures vanquished.

Vanquished Creatures (others)
  A guardian serpent (Snake:4)
  A bloated husk (Swamp:1)
  8 foxfires
10 creatures vanquished.

Grand Total: 2114 creatures vanquished

Notes
Turn   | Place    | Note
-------+----------+-------------------------------------------
     0 | D:1      | EnegeticOcto the Draconian Alchemist began the quest for
                  | the Orb.
     0 | D:1      | Reached XP level 1. HP: 14/14 MP: 3/3
    11 | D:1      | Reached skill level 2 in Stealth
   182 | D:1      | Reached XP level 2. HP: 20/20 MP: 1/5
   226 | D:1      | Learned a level 2 spell: Mercury Vapours
   420 | D:1      | Reached skill level 3 in Stealth
   425 | D:1      | Reached skill level 1 in Air Magic
   590 | D:1      | Reached XP level 3. HP: 26/26 MP: 2/6
  1253 | D:2      | Found Utemuqir's Antique Weapon Boutique.
  1259 | D:2      | Found a hide-covered altar of Uskayaw.
  1261 | D:2      | Reached skill level 3 in Spellcasting
  1265 | D:2      | Learned a level 3 spell: Mephitic Cloud
  1346 | D:2      | Reached XP level 4. HP: 33/33 MP: 0/8
  1676 | D:2      | Found Goachim's Armour Shop.
  2432 | D:3      | Identified the +6 dagger of Dismemberment {freeze, Will+}
  2499 | D:3      | Found a basalt altar of Yredelemnul.
  2501 | D:3      | Found a hazy altar of Hepliaklqana.
  2685 | D:3      | Reached skill level 2 in Conjurations
  2785 | D:3      | Reached skill level 4 in Alchemy
  2785 | D:3      | Reached XP level 5. HP: 27/38 MP: 0/9
  2960 | D:3      | Noticed Natasha
  2969 | D:3      | Killed Natasha
  3058 | D:3      | Found Timm's Distillery.
  3062 | D:3      | Bought a potion of berserk rage for 65 gold pieces
  3062 | D:3      | Bought a potion of lignification for 39 gold pieces
  3121 | D:3      | Identified the ring of the Eagle {Fire Int+2 Stlth+}
  3155 | D:3      | Noticed Natasha
  3192 | D:3      | Killed Natasha
  3265 | D:3      | Learned a level 4 spell: Olgreb's Toxic Radiance
  3636 | D:3      | Found Timm's Distillery.
  3643 | D:3      | Noticed Natasha
  3658 | D:3      | Killed Natasha
  3699 | D:3      | Reached skill level 1 in Fighting
  3751 | D:3      | Found a basalt altar of Yredelemnul.
  3754 | D:3      | Found a hazy altar of Hepliaklqana.
  4128 | D:4      | Reached skill level 2 in Fighting
  4128 | D:4      | Reached skill level 5 in Alchemy
  4128 | D:4      | Reached XP level 6. HP: 48/48 MP: 10/10
  4242 | D:4      | You fall into a shaft and drop 3 floors!
  4272 | D:7      | Noticed a water moccasin
  4300 | D:6      | Found a staircase to the Ecumenical Temple.
  4306 | Temple   | Entered the Ecumenical Temple
  4422 | Temple   | Became a worshipper of the Shining One
  4455 | D:6      | Reached skill level 4 in Stealth
  4565 | D:6      | Identified the +0 cloak "Xirim" {Will+ Int+3}
  4579 | D:5      | Entered Level 5 of the Dungeon
  4724 | D:4      | Your scales start taking on a rich purple colour.
  4724 | D:4      | Reached XP level 7. HP: 51/55 MP: 12/12
  4812 | D:4      | Reached skill level 5 in Stealth
  5952 | D:3      | Bought a potion of enlightenment for 65 gold pieces
  5952 | D:3      | Bought a potion of brilliance for 52 gold pieces
  6038 | D:5      | Found a runed translucent door.
  6039 | D:5      | Noticed Crazy Yiuf
  6116 | D:5      | Reached skill level 6 in Alchemy
  6311 | D:5      | Reached skill level 6 in Stealth
  6581 | D:5      | Reached skill level 7 in Alchemy
  6581 | D:5      | Reached XP level 8. HP: 61/61 MP: 10/13
  7024 | D:6      | Found a stormy altar of Qazlal.
  7172 | D:6      | Reached skill level 8 in Alchemy
  7177 | D:6      | Learned a level 4 spell: Sticky Flame
  7387 | D:6      | Reached skill level 3 in Fighting
  7387 | D:6      | Reached skill level 4 in Spellcasting
  7468 | D:6      | Noticed Jeremiah
  7501 | D:6      | Killed Jeremiah
  7502 | D:6      | Reached skill level 4 in Fighting
  7502 | D:6      | Reached skill level 3 in Fire Magic
  7881 | D:7      | Noticed a cyan ugly thing
  7881 | D:7      | Noticed a red ugly thing
  7882 | D:7      | Found a transporter.
  7882 | D:7      | Noticed a green ugly thing
  7882 | D:7      | Noticed a white ugly thing
  7884 | D:7      | Found a corrupted altar of Lugonu.
  7978 | D:7      | Identified the +2 quarterstaff "Loph" {freeze, +Blink Str-3
                  | Int+5 Dex+3}
  8116 | D:7      | Reached XP level 9. HP: 72/72 MP: 15/15
  8195 | D:7      | Found a transporter.
  8466 | D:7      | Reached skill level 5 in Fighting
  8600 | D:8      | Reached skill level 5 in Spellcasting
  8600 | D:8      | Reached * piety under the Shining One
  8695 | D:8      | Found a runed translucent gate.
  8695 | D:8      | Noticed Vendren's ghost (novice MfSh)
  8696 | D:8      | Found a runed translucent gate.
  8697 | D:8      | Found a runed translucent gate.
  8698 | D:8      | Found a roughly hewn altar of Beogh.
  9308 | D:8      | Identified the amulet of Crawling {Spirit Dex+4}
  9710 | D:9      | Reached skill level 1 in Invocations
  9710 | D:9      | Reached skill level 1 in Evocations
  9711 | D:9      | Reached skill level 6 in Fighting
  9711 | D:9      | Reached skill level 6 in Spellcasting
  9711 | D:9      | Reached skill level 9 in Alchemy
  9711 | D:9      | Reached skill level 2 in Invocations
  9711 | D:9      | Reached skill level 2 in Evocations
  9792 | D:9      | Reached skill level 3 in Invocations
  9792 | D:9      | Reached skill level 3 in Evocations
  9794 | D:9      | Reached XP level 10. HP: 83/84 MP: 13/19
 10182 | D:9      | Reached skill level 7 in Fighting
 10370 | D:9      | Reached skill level 4 in Invocations
 10370 | D:9      | Reached skill level 4 in Evocations
 10555 | D:10     | Entered Level 10 of the Dungeon
 10629 | D:10     | Reached ** piety under the Shining One
 10734 | D:10     | Reached skill level 5 in Invocations
 10735 | D:10     | Reached skill level 10 in Alchemy
 10970 | D:10     | Reached skill level 6 in Invocations
 11089 | D:10     | Reached skill level 2 in Dodging
 11126 | D:10     | Reached skill level 1 in Shields
 11329 | D:10     | Reached skill level 2 in Shields
 11427 | D:10     | Learned a level 6 spell: Eringya's Noxious Bog
 11427 | D:10     | Found a staircase to the Lair.
 11571 | D:10     | Reached skill level 3 in Dodging
 11598 | D:10     | Found a staircase to the Orcish Mines.
 11598 | D:10     | Noticed a cyclops
 11613 | D:10     | Killed a cyclops
 11614 | D:10     | Reached XP level 11. HP: 66/92 MP: 1/21
 11877 | D:10     | Reached skill level 3 in Shields
 11877 | D:10     | Reached skill level 7 in Spellcasting
 11877 | D:10     | Reached skill level 7 in Invocations
 12073 | D:10     | Reached *** piety under the Shining One
 12590 | D:10     | Learned a level 3 spell: Ozocubu's Armour
 12592 | D:10     | Learned a level 1 spell: Apportation
 12623 | Lair:1   | Entered Level 1 of the Lair of Beasts
 12652 | Orc:1    | Entered Level 1 of the Orcish Mines
 12987 | Orc:1    | Noticed an orc sorcerer
 12998 | Orc:1    | Killed an orc sorcerer
 13082 | Orc:1    | Reached skill level 4 in Dodging
 13310 | Orc:2    | Entered Level 2 of the Orcish Mines
 13310 | Orc:2    | Noticed an orc knight
 13310 | Orc:2    | Noticed an orc sorcerer
 13321 | Orc:1    | Killed an orc knight
 13322 | Orc:1    | Reached skill level 4 in Shields
 13439 | Orc:2    | Noticed a soul eater
 13442 | Orc:2    | Killed an orc sorcerer
 13649 | Orc:2    | Noticed an orc knight
 13649 | Orc:2    | Reached **** piety under the Shining One
 13659 | Orc:2    | Reached skill level 11 in Alchemy
 13659 | Orc:2    | Killed an orc knight
 13670 | Orc:1    | Reached skill level 8 in Spellcasting
 13857 | Orc:2    | Found Elomacri's Assorted Antiques.
 13899 | Orc:2    | Reached skill level 8 in Fighting
 13990 | Orc:2    | Bought a scroll labelled NEDDUMU XEKOI for 24 gold pieces
 13990 | Orc:2    | Bought a scroll of identify for 48 gold pieces
 13990 | Orc:2    | Bought a transparent short sword for 192 gold pieces
 13990 | Orc:2    | Identified the +9 short sword "Hydrabane" {vamp, Int+3}
                  | (You bought it in a shop on level 2 of the Orcish Mines)
 14005 | Orc:2    | Found Hyso's Jewellery Shoppe.
 14192 | Orc:2    | Found a staircase to the Elven Halls.
 14320 | Orc:2    | Noticed an orc sorcerer
 14330 | Orc:2    | Killed an orc sorcerer
 14331 | Orc:2    | Reached skill level 5 in Shields
 14416 | Orc:2    | Reached skill level 5 in Dodging
 14418 | Orc:2    | Found a transporter.
 14422 | Orc:2    | Found Acweahic's Antique Armour Emporium.
 14528 | Orc:2    | Found Beyzomn's Distillery.
 14555 | Orc:2    | Reached XP level 12. HP: 103/103 MP: 12/24
 14588 | Orc:2    | Noticed a two-headed ogre
 14602 | Orc:2    | Killed a two-headed ogre
 14725 | Orc:2    | Noticed an ogre mage
 14725 | Orc:2    | Noticed an ogre mage
 14742 | Orc:2    | Killed an ogre mage
 14745 | Orc:2    | Killed an ogre mage
 14759 | Orc:2    | Noticed an ogre mage
 14767 | Orc:2    | Killed an ogre mage
 14788 | Orc:2    | Noticed a two-headed ogre
 14928 | Orc:2    | Killed a two-headed ogre
 14929 | Orc:2    | Reached skill level 9 in Spellcasting
 14979 | Orc:2    | Noticed an ogre mage
 14986 | Orc:2    | Killed an ogre mage
 14987 | Orc:2    | Reached skill level 9 in Fighting
 15144 | Orc:2    | Noticed a two-headed ogre
 15151 | Orc:2    | Killed a two-headed ogre
 15152 | Orc:2    | Reached skill level 6 in Dodging
 15203 | Orc:2    | Noticed a two-headed ogre
 15213 | Orc:2    | Killed a two-headed ogre
 15404 | Orc:2    | Noticed a two-headed ogre
 15413 | Orc:2    | Killed a two-headed ogre
 15414 | Orc:2    | Reached skill level 12 in Alchemy
 15528 | Orc:2    | Noticed a two-headed ogre
 15533 | Orc:2    | Noticed a two-headed ogre
 15544 | Orc:2    | Killed a two-headed ogre
 15655 | Orc:2    | Noticed a two-headed ogre
 15663 | Orc:2    | Killed a two-headed ogre
 15664 | Orc:2    | Reached skill level 10 in Fighting
 15664 | Orc:2    | Reached skill level 10 in Spellcasting
 15768 | Orc:2    | Killed a two-headed ogre
 16090 | Orc:2    | Found a transporter.
 16290 | Orc:2    | Noticed a two-headed ogre
 16305 | Orc:2    | Killed a two-headed ogre
 16306 | Orc:2    | Reached skill level 8 in Invocations
 16408 | Orc:2    | Noticed a two-headed ogre
 16411 | Orc:2    | Noticed a two-headed ogre
 16421 | Orc:2    | Killed a two-headed ogre
 16422 | Orc:2    | Reached skill level 7 in Dodging
 16426 | Orc:2    | Killed a two-headed ogre
 16513 | Orc:2    | Reached XP level 13. HP: 113/113 MP: 26/27
 16685 | Orc:2    | Found a shimmering blue altar of Sif Muna.
 16721 | Orc:2    | Found Nidud's Armour Shoppe.
 16722 | Orc:2    | Found Exijaf's Antique Weapon Shop.
 16722 | Orc:2    | Found Uwacsoz's Antique Armour Shoppe.
 16722 | Orc:2    | Found Belieme's Magic Scroll Boutique.
 16910 | Lair:1   | Found a runed translucent door.
 16913 | Lair:1   | Found a runed translucent door.
 17205 | Lair:1   | Reached skill level 9 in Invocations
 17281 | Lair:1   | Found a runed translucent door.
 17354 | Lair:1   | Found a runed translucent door.
 17548 | Lair:1   | Identified the orb "Peagh" {*channel, rC- Dex+3 Summ Tloc}
 17551 | Lair:1   | Reached ***** piety under the Shining One
 17560 | Lair:1   | Reached skill level 8 in Dodging
 18227 | Orc:2    | Bought a scroll of acquirement for 780 gold pieces
 18227 | Orc:2    | Acquired the +2 hat "Ceatro" {rC+ Will+ Str+3 SInv}
 18527 | Lair:2   | Reached skill level 10 in Invocations
 18691 | Lair:2   | Noticed Urug
 18700 | Lair:2   | Killed Urug
 18822 | Lair:2   | Reached skill level 9 in Dodging
 18968 | Lair:2   | Noticed Nergalle
 18974 | Lair:2   | Killed Nergalle
 19501 | Lair:2   | Reached skill level 10 in Dodging
 19502 | Lair:2   | Reached skill level 1 in Ice Magic
 19898 | Lair:3   | Reached skill level 2 in Ice Magic
 19912 | Lair:3   | Found a frozen archway.
 19956 | Lair:3   | Noticed Gastronok
 19982 | Lair:3   | Killed Gastronok
 19983 | Lair:3   | Reached skill level 3 in Ice Magic
 20148 | IceCv    | Entered an ice cave
 20325 | IceCv    | Reached ****** piety under the Shining One
 20395 | IceCv    | Noticed a white draconian
 20431 | IceCv    | Killed a white draconian
 20432 | IceCv    | Reached skill level 11 in Fighting
 20432 | IceCv    | Reached skill level 4 in Ice Magic
 20812 | IceCv    | Identified the amulet "Poaddiam" {Regen+ Dex+3 SInv}
 20913 | Lair:3   | Found a staircase to the Snake Pit.
 21001 | Lair:3   | Identified the +2 leather armour of the Shore {Int+4}
 21056 | Lair:3   | Found a staircase to the Swamp.
 21369 | Lair:4   | Reached XP level 14. HP: 124/124 MP: 28/28
 21635 | Lair:4   | Reached skill level 5 in Ice Magic
 21802 | Lair:4   | You fall into a shaft and drop 1 floor!
 21802 | Lair:5   | Entered Level 5 of the Lair of Beasts
 22193 | Lair:4   | Reached skill level 12 in Fighting
 22853 | Lair:5   | Found a staircase to the Slime Pits.
 22887 | Lair:5   | Found a runed translucent gate.
 22902 | Lair:5   | Reached skill level 13 in Fighting
 22902 | Lair:5   | Noticed makewrite's ghost (journeyman MiFi)
 23320 | Lair:5   | Found a runed translucent gate.
 23320 | Lair:5   | Found a runed translucent gate.
 23387 | Lair:5   | Reached skill level 11 in Spellcasting
 23897 | Lair:5   | Reached skill level 12 in Spellcasting
 24089 | Lair:5   | Reached skill level 11 in Invocations
 24586 | Lair:5   | Got the Teachings on Clouds and Necromantic Magicks
 24680 | Lair:5   | Killed makewrite's ghost
 24914 | D:12     | Noticed Psyche
 24919 | D:12     | Killed Psyche
 24994 | D:11     | Reached skill level 3 in Conjurations
 25007 | D:11     | Reached skill level 2 in Air Magic
 25017 | D:11     | Reached skill level 3 in Air Magic
 25254 | D:11     | Reached XP level 15. HP: 135/135 MP: 31/31
 25264 | D:11     | Learned a level 5 spell: Arcjolt
 25469 | D:11     | Found Lihubugunt's Distillery.
 25477 | D:11     | Bought a potion of degeneration for 13 gold pieces
 25477 | D:11     | Bought a potion of attraction for 39 gold pieces
 25478 | D:11     | Bought a potion of heal wounds for 65 gold pieces
 25478 | D:11     | Bought a potion of heal wounds for 65 gold pieces
 25478 | D:11     | Bought 2 potions of cancellation for 208 gold pieces
 25749 | D:11     | Reached skill level 12 in Invocations
 25920 | D:12     | Reached skill level 4 in Conjurations
 25920 | D:12     | Reached skill level 4 in Air Magic
 26299 | D:12     | Found Jorusewn's Book Shoppe.
 26307 | D:12     | Bought the Catalogue of Anaesthesia for 552 gold pieces
 26313 | D:12     | Learned a level 5 spell: Irradiate
 26507 | D:12     | Noticed Jorgrun
 26518 | D:12     | Killed Jorgrun
 26519 | D:12     | Reached skill level 5 in Air Magic
 27147 | D:13     | Found a gate to the Vaults.
 27162 | D:13     | Reached skill level 5 in Conjurations
 27163 | D:13     | Reached skill level 6 in Air Magic
 27308 | D:13     | Reached skill level 7 in Air Magic
 27535 | D:13     | Reached skill level 6 in Conjurations
 27999 | D:13     | Reached skill level 8 in Air Magic
 28653 | D:14     | Reached skill level 9 in Air Magic
 28839 | D:14     | Reached skill level 7 in Conjurations
 29552 | D:15     | Entered Level 15 of the Dungeon
 29684 | D:15     | Reached skill level 10 in Air Magic
 29794 | D:15     | Found Jiydeys's Armour Emporium.
 29913 | D:15     | Reached skill level 8 in Conjurations
 30018 | D:15     | Reached skill level 6 in Shields
 30241 | D:15     | Found an opulent altar of Gozag.
 30340 | D:15     | Reached skill level 11 in Air Magic
 30522 | D:15     | Found a staircase to the Depths.
 30719 | D:15     | Found a shadowy altar of Dithmenos.
 30722 | D:15     | Found an ancient bone altar of Kikubaaqudgha.
 30722 | D:15     | Found a shimmering altar of Xom.
 30724 | D:15     | Found a shimmering altar of Xom.
 30724 | D:15     | Found a broken altar of Ashenzari.
 30724 | D:15     | Found a sparkling altar of Nemelex Xobeh.
 30996 | D:8      | Killed Vendren's ghost
 30997 | D:8      | Reached skill level 7 in Shields
 31222 | D:5      | Killed Crazy Yiuf
 31505 | D:7      | Identified the ring of Zacoick {Will+ Str+6 Dex+3}
 31766 | Snake:1  | Entered Level 1 of the Snake Pit
 31801 | Swamp:1  | Entered Level 1 of the Swamp
 31801 | Swamp:1  | Identified the serpent talisman "Daorouf" {Str+3 Dex+4}
 31801 | Swamp:1  | Noticed Aizul
 31814 | Swamp:1  | Killed Aizul
 31823 | Swamp:1  | Reached skill level 8 in Shields
 32240 | Swamp:1  | Noticed a tentacled monstrosity
 32248 | Swamp:1  | Killed a tentacled monstrosity
 32249 | Swamp:1  | Reached XP level 16. HP: 131/143 MP: 31/32
 32251 | Swamp:1  | Reached skill level 12 in Air Magic
 32297 | Swamp:1  | Reached skill level 9 in Shields
 32538 | Swamp:1  | Identified the +2 arbalest of Boat {speed, Str+2 Dex+3
                  | Stlth+}
 32847 | Swamp:2  | Reached skill level 10 in Shields
 33035 | Swamp:2  | Noticed Louise
 33049 | Swamp:2  | Killed Louise
 33731 | Swamp:2  | Found a runed translucent gate.
 33731 | Swamp:2  | Found a runed translucent gate.
 33731 | Swamp:2  | Found a runed translucent gate.
 33735 | Swamp:2  | Noticed anet's ghost (adept GrCj)
 33827 | Swamp:2  | Reached skill level 11 in Shields
 34407 | Swamp:2  | Killed anet's ghost
 34467 | Swamp:2  | Identified the +0 broad axe of the Desolation of Salt
                  | {distort, Dex+2}
 34474 | Swamp:2  | Identified the ring of Xazefib {Fly Str+3}
 35098 | Swamp:3  | Reached skill level 12 in Shields
 35098 | Swamp:3  | Reached skill level 13 in Air Magic
 36432 | Swamp:3  | Reached skill level 13 in Shields
 37086 | Swamp:4  | Entered Level 4 of the Swamp
 37360 | Orc:2    | Bought a glowing cloak for 180 gold pieces
 37621 | D:2      | Bought a slimy long sword for 229 gold pieces
 37621 | D:2      | Identified the +6 long sword of a volcano {pain, Dex+3}
                  | (You bought it in a shop on level 2 of the Dungeon)
 37728 | D:3      | Bought a potion of mutation for 104 gold pieces
 37728 | D:3      | Gained mutation: You expend magic power (3 MP) to
                  | strengthen your wands. [potion of mutation]
 37728 | D:3      | Gained mutation: You have supernaturally acute eyesight.
                  | (SInv) [potion of mutation]
 37728 | D:3      | Gained mutation: You have a pair of small antennae on your
                  | head. [potion of mutation]
 38034 | Swamp:4  | Reached skill level 13 in Spellcasting
 38903 | Swamp:4  | Noticed Nikola
 39259 | Snake:1  | Noticed Frances
 39271 | Snake:1  | Killed Frances
 39377 | Snake:1  | Noticed Rupert
 39382 | Snake:1  | Killed Rupert
 39447 | Snake:1  | Reached skill level 14 in Spellcasting
 39447 | Snake:1  | Reached skill level 5 in Evocations
 40329 | Snake:1  | Reached XP level 17. HP: 149/149 MP: 33/35
 40405 | Snake:1  | Reached skill level 6 in Evocations
 41389 | Snake:2  | Reached skill level 7 in Evocations
 41808 | Snake:2  | Reached skill level 15 in Spellcasting
 42849 | Snake:2  | Reached skill level 14 in Fighting
 43268 | Snake:2  | Noticed Vashnia
 43299 | Snake:2  | Killed Vashnia
 44415 | Snake:1  | Noticed Kirke
 44426 | Snake:1  | Killed Kirke
 44427 | Snake:1  | Reached skill level 15 in Fighting
 48590 | Snake:4  | Entered Level 4 of the Snake Pit
 49040 | Snake:4  | Reached XP level 18. HP: 166/166 MP: 37/37
 49940 | Snake:4  | Reached skill level 16 in Fighting
 49940 | Snake:4  | Reached skill level 16 in Spellcasting
 50240 | Snake:4  | Reached skill level 14 in Air Magic
 50391 | Snake:4  | Gained mutation: You sometimes lose your temper in combat.
                  | [mutagenic glow]
 53067 | Snake:4  | Reached skill level 17 in Fighting
 53265 | Snake:4  | Reached skill level 17 in Spellcasting
 53382 | Snake:4  | Got a serpentine rune of Zot
 53748 | Elf:1    | Entered Level 1 of the Elven Halls
 53788 | Elf:1    | You fall into a shaft and drop 1 floor!
 53853 | Elf:2    | Reached skill level 15 in Air Magic
 54354 | Elf:1    | Paralysed by an air elemental for 1 turns
 55485 | Elf:1    | Found Vaukoara's Antique Armour Shoppe.
 55825 | Elf:2    | Reached XP level 19. HP: 156/177 MP: 16/40
 56039 | Elf:2    | Found a shimmering blue altar of Sif Muna.
 56718 | Elf:3    | Entered Level 3 of the Elven Halls
 56931 | Elf:3    | Found a large runed translucent door.
 56931 | Elf:3    | Found a large runed translucent door.
 56931 | Elf:3    | Found a shimmering blue altar of Sif Muna.
 56933 | Elf:3    | Noticed flinch's ghost (adept CoGl)
 56942 | Elf:3    | Learned a level 5 spell: Silence
 57487 | Elf:3    | Identified the amulet of Disaster {RegenMP Rampage}
 57751 | Elf:2    | Found a huge runed translucent gate.
 57751 | Elf:2    | Found a huge runed translucent gate.
 57762 | Elf:2    | Found a huge runed translucent gate.
 57822 | Elf:2    | Found a huge runed translucent gate.
 57822 | Elf:2    | Found a huge runed translucent gate.
 58016 | Elf:3    | Paralysed by an air elemental for 1 turns
 58360 | Elf:3    | Reached skill level 18 in Fighting
 58412 | Elf:3    | Identified the +10 quarterstaff "Rusen" {heavy, Will+ Int-4
                  | Dex+4}
 58434 | Elf:3    | Identified the +4 long sword of Fedhas's Whim {pain, Int+3
                  | Stlth+}
 58435 | Elf:3    | Reached skill level 18 in Spellcasting
 58457 | Elf:3    | Reached skill level 16 in Air Magic
 60776 | Elf:3    | Got Sif Muna's Folio of Omens
 60796 | Elf:3    | Identified the +0 pair of boots of Idealism {rCorr Str+4
                  | Int-3 SInv}
 60815 | Elf:3    | Got A Spellbook of Superlative Spells
 61249 | D:12     | Bought Maxwell's Memoranda for 480 gold pieces
 61258 | D:12     | Learned a level 8 spell: Maxwell's Capacitive Coupling
 61574 | Vaults:1 | Entered Level 1 of the Vaults
 61626 | Vaults:1 | Gained mutation: You occasionally shout uncontrollably at
                  | your foes. [mutagenic glow]
 61669 | Vaults:1 | Lost mutation: You sometimes lose your temper in combat.
                  | [potion of mutation]
 61669 | Vaults:1 | Lost mutation: You have supernaturally acute eyesight.
                  | (SInv) [potion of mutation]
 61669 | Vaults:1 | Gained mutation: You have hidden genetic potential. [potion
                  | of mutation]
 61711 | Vaults:1 | Reached skill level 17 in Air Magic
 61901 | Vaults:1 | Noticed a Brimstone Fiend
 62018 | Vaults:1 | Found Daugiz's Magic Scroll Shop.
 62026 | Vaults:1 | Bought a scroll of enchant armour for 112 gold pieces
 62026 | Vaults:1 | Bought a scroll of blinking for 112 gold pieces
 62026 | Vaults:1 | Bought a scroll of blinking for 112 gold pieces
 62026 | Vaults:1 | Bought a scroll of fear for 60 gold pieces
 63333 | Vaults:1 | Reached skill level 18 in Air Magic
 63371 | Vaults:1 | Learned a level 1 spell: Summon Small Mammal
 63729 | Vaults:1 | Found Ycishy's Armour Emporium.
 63737 | Vaults:1 | Reached skill level 14 in Shields
 63737 | Vaults:1 | Reached XP level 20. HP: 183/187 MP: 27/42
 64428 | Vaults:2 | Reached skill level 15 in Shields
 64499 | Vaults:2 | Found a staircase to the Crypt.
 65535 | Vaults:2 | Identified the +7 arbalest "Himekueb" {flame, rElec rPois
                  | Str+3 Int-3}
 66066 | Vaults:2 | Gained mutation: Your flesh is heat resistant. (rF+)
                  | [hidden potential]
 66253 | Vaults:2 | Noticed Norris
 66264 | Vaults:2 | Killed Norris
 66734 | Vaults:2 | Found Vifriyt's General Store.
 66808 | Vaults:3 | You fall into a shaft and drop 1 floor!
 68032 | Vaults:4 | Reached skill level 16 in Shields
 68032 | Vaults:4 | Reached XP level 21. HP: 179/196 MP: 18/43
 68170 | Vaults:4 | Paralysed by a formless jellyfish for 1 turns
 68172 | Vaults:4 | Paralysed by a formless jellyfish for 1 turns
 68306 | Vaults:4 | Reached skill level 19 in Fighting
 68452 | Vaults:4 | Noticed Sojobo
 68586 | Vaults:4 | Killed Sojobo
 68587 | Vaults:4 | Reached skill level 19 in Spellcasting
 69906 | Vaults:3 | Reached skill level 19 in Air Magic
 70052 | Vaults:3 | Identified the +9 long sword "Ihadwuse" {drain, *Rage
                  | +Blink rPois rC+++}
 71299 | Swamp:3  | Gained mutation: You have great hidden genetic potential.
                  | [hidden potential]
 71299 | Swamp:3  | Lost mutation: You have great hidden genetic potential.
                  | [hidden potential expressed]
 71373 | Swamp:4  | Killed Nikola
 72814 | Swamp:4  | Noticed the 27-headed Lernaean hydra
 72818 | Swamp:4  | Killed the 27-headed Lernaean hydra
 72819 | Swamp:4  | Reached skill level 17 in Shields
 72849 | Swamp:4  | Got a decaying rune of Zot
 73243 | Depths:1 | Entered Level 1 of the Depths
 73269 | Depths:1 | Reached skill level 20 in Fighting
 73430 | Depths:1 | Acquired a book of the Spheres
 73469 | Depths:1 | Found a gateway to Hell.
 73499 | Depths:1 | Found a one-way gate leading to the halls of Pandemonium.
 73528 | Depths:1 | Reached skill level 20 in Spellcasting
 74463 | Depths:1 | Found a hide-covered altar of Uskayaw.
 74680 | Depths:2 | Reached skill level 18 in Shields
 74731 | Depths:2 | Reached XP level 22. HP: 209/209 MP: 46/46
 75124 | Depths:2 | Found a one-way gateway to a ziggurat.
 75537 | Depths:2 | Found Himneejo's Book Boutique.
 75538 | Depths:2 | Found Hoarph's Jewellery Emporium.
 75539 | Depths:2 | Found Oxepp's Book Boutique.
 75629 | Depths:2 | Found a sparkling altar of Nemelex Xobeh.
 75762 | Depths:2 | Reached skill level 19 in Shields
 76241 | Depths:3 | Noticed a golden dragon
 76257 | Depths:3 | HP: 7/209 [golden dragon/bolt of fire (9)]
 76641 | Depths:3 | Killed a golden dragon
 77224 | Depths:3 | Noticed a juggernaut
 77230 | Depths:3 | Killed a juggernaut
 77254 | Depths:2 | Gained mutation: You do not regenerate when monsters are
                  | visible. [mutagenic glow]
 77350 | Depths:3 | Noticed a golden dragon
 77360 | Depths:3 | Killed a golden dragon
 77361 | Depths:3 | Reached skill level 20 in Shields
 77368 | Depths:2 | Gained mutation: You have large cloven feet. [hidden
                  | potential]
 78032 | Depths:3 | Noticed a golden dragon
 78036 | Depths:3 | Killed a golden dragon
 78167 | Depths:3 | Found a one-way gate to the infinite horrors of the Abyss.
 78617 | Depths:4 | Entered Level 4 of the Depths
 78748 | Depths:4 | Noticed Margery
 78763 | Depths:3 | Killed Margery
 79000 | Depths:4 | Noticed a caustic shrike
 79001 | Depths:4 | Noticed a caustic shrike
 79005 | Depths:4 | Killed a caustic shrike
 79006 | Depths:4 | Reached skill level 21 in Shields
 79010 | Depths:4 | Killed a caustic shrike
 79019 | Depths:4 | Noticed a caustic shrike
 79023 | Depths:4 | Killed a caustic shrike
 79033 | Depths:4 | Noticed a caustic shrike
 79037 | Depths:4 | Killed a caustic shrike
 79131 | Depths:4 | Noticed a caustic shrike
 79135 | Depths:4 | Killed a caustic shrike
 80112 | Depths:4 | Found a portal to a secret trove of treasure.
 80120 | Depths:4 | You paid a toll of 17 potions of curing to enter a treasure
                  | trove
 80121 | Trove    | Entered a treasure trove
 80126 | Trove    | Identified the +7 tower shield of Nupt {rPois}
 80127 | Trove    | Identified the amulet of Wuus {RegenMP rElec rPois Will++
                  | Int-5}
 80130 | Trove    | Identified the amulet "Zevatut" {rElec rF++ Regen+ rCorr
                  | Int-4}
 80134 | Trove    | Identified the +2 hat "Suanlump" {rF+ Regen+}
 80149 | Trove    | Identified the ring "Vulemoas" {rElec rF- rN++ Will+++
                  | Int+6}
 80163 | Trove    | Identified the ring of Hugaskif {rC+ Str+6}
 80180 | Trove    | Identified the ring "Sesex" {rC+ EV+5 Slay+6}
 80194 | Trove    | Identified the ring "Iter" {rC++ Str+6 Int-5 SInv}
 80643 | Depths:4 | Reached XP level 23. HP: 203/215 MP: 26/47
 80814 | Depths:4 | Reached skill level 22 in Shields
 80914 | Depths:4 | Found a gate to the Realm of Zot.
 81314 | Depths:4 | Found Biffuzuff's Assorted Antiques.
 81318 | Depths:4 | Found Vesydom's Magic Scroll Shop.
 81319 | Depths:4 | Found Jyddimih's Magic Scroll Boutique.
 81324 | Depths:4 | Bought a scroll of acquirement for 988 gold pieces
 81324 | Depths:4 | Bought a scroll of blinking for 142 gold pieces
 81324 | Depths:4 | Bought a scroll of enchant armour for 142 gold pieces
 81325 | Depths:4 | Acquired the +3 pair of mountain boots {steadfast, rC+}
 81325 | Depths:4 | Found the +3 pair of mountain boots {steadfast, rC+}
 81343 | Depths:4 | Bought an ichor-stained tower shield for 351 gold pieces
 81343 | Depths:4 | Identified the +7 tower shield of Ornamental Happiness
                  | {MP+9 Int+4} (You bought it in a shop on level 4 of the
                  | Depths)
 81404 | Depths:4 | Noticed a juggernaut
 81408 | Depths:4 | Killed a juggernaut
 81553 | Depths:4 | Found a basalt altar of Yredelemnul.
 82044 | Crypt:1  | Entered Level 1 of the Crypt
 82264 | Crypt:1  | Found a transporter.
 82265 | Crypt:1  | Noticed Opnirgha's ghost (veteran GrEE)
 82272 | Crypt:1  | Found a transporter.
 82444 | Crypt:1  | Found a transporter.
 82470 | Crypt:1  | Identified the ring of Monotheism {rF+ Stlth+}
 82471 | Crypt:1  | Found a transporter.
 82507 | Crypt:1  | Found the +3 crown of Dyrovepreva {rElec Int+2 SInv}
 83888 | Crypt:3  | Entered Level 3 of the Crypt
 83920 | Crypt:3  | Lost mutation: You do not regenerate when monsters are
                  | visible. [hidden potential]
 83920 | Crypt:3  | Lost mutation: You have hidden genetic potential. [hidden
                  | potential expressed]
 84098 | Crypt:3  | Reached skill level 21 in Spellcasting
 84103 | Crypt:3  | Reached skill level 23 in Shields
 84131 | Crypt:3  | Gained mutation: Your body sometimes deteriorates upon
                  | taking damage. [mutagenic glow]
 84351 | Crypt:3  | Found a staircase to the Tomb.
 84452 | Crypt:3  | Noticed a dread lich
 84468 | Crypt:3  | Killed a dread lich
 84602 | Crypt:3  | Found an ancient bone altar of Kikubaaqudgha.
 84622 | Crypt:3  | Identified the staff "Atsioc" {rPois Earth Alchemy}
 84634 | Crypt:3  | Identified the +0 chain mail of Ru's Hatred {Dex+4}
 85481 | Vaults:5 | Entered Level 5 of the Vaults
 85496 | Vaults:5 | Reached skill level 24 in Shields
 85599 | Vaults:5 | Reached XP level 24. HP: 214/224 MP: 18/48
 85870 | Vaults:5 | Identified the ring of Temptation {*Slow Will+++ rCorr MP+9
                  | Dex-3}
 85929 | Vaults:5 | Identified the +2 dire flail of Noithr Viupt {freeze,
                  | rElec}
 85947 | Vaults:5 | Reached skill level 25 in Shields
 86286 | Vaults:5 | Identified the +12 flail of Courage {flame, *Noise Will+++
                  | Str+3 Dex-2}
 86286 | Vaults:5 | Identified the ring "Poabacvule" {Fire rPois Int-5 Slay+2}
 86701 | Vaults:5 | Noticed a dread lich
 86706 | Vaults:5 | Killed a dread lich
 86842 | Vaults:5 | Found the +1 robe of Vines {NoPotionHeal Regen++++}
 86855 | Vaults:5 | Got the Handbook of Doom
 86859 | Vaults:5 | Identified the staff of Brawling {rElec Conj}
 86930 | Vaults:5 | Reached skill level 26 in Shields
 87133 | Vaults:5 | Identified the +0 pair of gloves of Thoughtfulness {rCorr
                  | Int+5}
 87142 | Vaults:5 | Identified the staff of the Shore {rElec rPois rF+ rC-
                  | Int+3 Dex+3 Alchemy}
 87295 | Vaults:5 | Identified the +0 plate armour of Defiance {+Inv rPois
                  | Slay-6}
 87676 | Vaults:5 | Identified the +2 robe of Fiunud {Int+3}
 87760 | Vaults:5 | Got a silver rune of Zot
 88285 | D:3      | Bought a potion of mutation for 104 gold pieces
 88285 | D:3      | Bought a potion of haste for 130 gold pieces
 88285 | D:3      | Bought a potion of might for 52 gold pieces
 88285 | D:3      | Bought a potion of ambrosia for 104 gold pieces
 88455 | Orc:2    | Bought a potion of mutation for 104 gold pieces
 88455 | Orc:2    | Bought a potion of mutation for 104 gold pieces
 88455 | Orc:2    | Bought a potion of mutation for 104 gold pieces
 88455 | Orc:2    | Bought a potion of brilliance for 52 gold pieces
 88672 | Depths:4 | Bought 2 scrolls of teleportation for 72 gold pieces
 88672 | Depths:4 | Bought a scroll of teleportation for 36 gold pieces
 88678 | Depths:4 | Bought a scroll of teleportation for 57 gold pieces
 88678 | Depths:4 | Bought 2 scrolls of fog for 152 gold pieces
 88678 | Depths:4 | Bought a scroll of fog for 76 gold pieces
 88710 | Zot:1    | Entered Level 1 of the Realm of Zot
 88721 | Zot:1    | Learned a level 3 spell: Passwall
 88724 | Zot:1    | Learned a level 2 spell: Blink
 88729 | Zot:1    | Learned a level 4 spell: Vhi's Electric Charge
 88734 | Zot:1    | Learned a level 4 spell: Iskenderun's Mystic Blast
 89377 | Zot:4    | Found a transporter.
 89380 | Zot:4    | Found the +8 autumn katana {manifold assault}
 89416 | Zot:5    | Entered Level 5 of the Realm of Zot
 89431 | Zot:5    | Reached skill level 27 in Shields
 90338 | Zot:5    | Reached XP level 25. HP: 234/234 MP: 48/48
 90464 | Zot:5    | Reached skill level 21 in Fighting
 90674 | Zot:5    | Noticed a dread lich
 90679 | Zot:5    | Killed a dread lich
 91013 | Zot:5    | Noticed an ancient lich
 91018 | Zot:5    | Killed an ancient lich
 91338 | Zot:5    | Noticed an orb of fire
 91339 | Zot:5    | Gained mutation: Your magical capacity is low. (-10% MP)
                  | [an orb of fire]
 91342 | Zot:5    | Killed an orb of fire
 91342 | Zot:5    | Noticed an orb of fire
 91343 | Zot:5    | Gained mutation: You frequently scream uncontrollably at
                  | your foes. [an orb of fire]
 91347 | Zot:5    | Killed an orb of fire
 91498 | Zot:5    | Noticed a Killer Klown
 92050 | Zot:5    | Noticed a dread lich
 92054 | Zot:5    | Killed a dread lich
 92055 | Zot:5    | Reached skill level 22 in Fighting
 92085 | Zot:5    | Noticed an ancient lich
 92090 | Zot:5    | Killed an ancient lich
 92444 | Zot:5    | Noticed a Killer Klown
 92455 | Zot:5    | Killed a Killer Klown
 92516 | Zot:5    | Killed a Killer Klown
 92768 | Zot:5    | Noticed an ancient lich
 92771 | Zot:5    | Noticed a dread lich
 92772 | Zot:5    | Killed an ancient lich
 92778 | Zot:5    | Killed a dread lich
 92782 | Zot:5    | Noticed an orb of fire
 92790 | Zot:5    | Killed an orb of fire
 92791 | Zot:5    | Reached skill level 23 in Fighting
 92878 | Zot:5    | Noticed an orb of fire
 92882 | Zot:5    | Gained mutation: You are vulnerable to cold. (rC-) [an orb
                  | of fire]
 92883 | Zot:5    | Killed an orb of fire
 93595 | Zot:5    | Noticed an ancient lich
 93598 | Zot:5    | Killed an ancient lich
 93745 | Zot:5    | Got the Orb of Zot
 93990 | Depths:1 | Reached skill level 24 in Fighting
 94098 | D:13     | Noticed Roffec the pandemonium lord
 94320 | D:$      | Escaped with the Orb!

Illustrated notes

Levels and vault maps discovered:
D:1:      dpeg_arrival_arbitrary_b, layout_rooms
D:2:      layout_loops_ring, basic_altar, serial_shops, shop,
          nicolae_shop_tiny_waterfront, serial_forest,
          infiniplex_forest_zigzag_1, infiniplex_forest_lined_room_3,
          infiniplex_forest_straight_2, infiniplex_forest_clump_tiny
D:3:      layout_basic, grunt_temple_overflow_open, serial_shops,
          nicolae_shop_real_fake_doors, nicolae_twisty_statue_hallways,
          uniq_natasha
D:4:      layout_basic, kennysheep_small_square
D:5:      layout_loops_ring, nicolae_figureground_pulse, uniq_crazy_yiuf_cottage
D:6:      layout_basic, nicolae_qazlal_scattered_showers,
          minmay_temple_entry_junction, grunt_decor_cap, uniq_jeremiah
D:7:      gammafunk_corrupted_shrine, layout_basic
D:8:      layout_cave_pods, biasface_ghost_orc_armoury,
          amcnicky_mini_corridor_feature, hangedman_decor_push
D:9:      layout_roguey
D:10:     layout_basic, hellmonk_lair_entry_icy, erik_orc_3, serial_undead,
          serial_undead_f, serial_undead_e, serial_undead_f, serial_undead_b
D:11:     layout_loops_ring, serial_shops, shop_fountains,
          onia_ninara_dug_in_and_dangerous
D:12:     layout_basic, serial_shops, nicolae_shop_peninsula, uniq_psyche,
          uniq_jorgrun
D:13:     layout_rooms, hangedman_vaults_entry_quadrant_bands, serial_curves,
          eino_curves_03, eino_curves_04
D:14:     layout_roguey, minmay_misc_feat_secret_circle,
          minmay_misc_feat_nine_boxes
D:15:     hangedman_depths_entry_civil_slaughter, layout_irregular_city,
          doesnt_xom_only_xom, serial_shops, shop,
          nicolae_gozag_cash_rules_everything_around_me
Temple:   compressed_dpeg_triangle_lava_temple
Lair:1:   layout_gridlike, infiniplex_staircase_pool, grunt_megastairs_5,
          lemuel_fruit_fields, lemuel_fruit_fields, lemuel_fruit_fields,
          serial_bayou_shore_b
Lair:2:   layout_cave_pods, serial_bayou_pond_a, uniq_urug, uniq_nergalle
Lair:3:   layout_hall_layers, minmay_swamp_entry_eels,
          guppyfry_snake_entry_island, portal_ice_cave_entry_imps,
          uniq_gastronok
Lair:4:   layout_regular_city, kennysheep_abandoned_house,
          infiniplex_staircase_pool_2
Lair:5:   grunt_lair_end_beastmaster, layout_regular_city, slime_entry_1,
          maelrawn_ghost_gauntlet_escape, eino_house_with_fridge
Swamp:1:  layout_falls_marsh, evilmike_swamp_ruin_house_3, uniq_aizul
Swamp:2:  layout_basic_swamp, gammafunk_ghost_hydra_chop, nicolae_swamp_oxbows,
          swamp_pool_5, uniq_louise
Swamp:3:  nzn_winding_woodlands_small [nzn_winding_woodlands_5x15_pool,
          nzn_winding_woodlands_center_diamonds,
          nzn_winding_woodlands_5x15_sidewinder], layout_basic_swamp,
          hangedman_swamp_pad
Swamp:4:  grunt_swamp_rune_castle, layout_basic_swamp, uniq_nikola
Snake:1:  layout_basic, uniq_kirke, uniq_rupert, uniq_frances
Snake:2:  layout_gridlike, serial_bayou_shore_a, grunt_megastairs_4,
          uniq_vashnia
Snake:3:  layout_layer_cave, serial_bayou_shore_b, nicolae_triple_integral,
          lemuel_fruit_tree
Snake:4:  snake_pit_salamanders_mu, layout_cave_town,
          nicolae_snake_scaly_snakehead
Orc:1:    layout_caves
Orc:2:    st_orc_ogre_mass, layout_diamond_mine, serial_shops,
          nicolae_shop_drivethru, nicolae_shop_rolling_square, shop,
          nicolae_diamond_shop, kennysheep_orc_sif_temple
Elf:1:    layout_geoelf_diagonals, serial_shops, nicolae_shop_dealshenge,
          minmay_elf_crystal_hexagon, grunt_megastairs_3
Elf:2:    elven_hall_of_blades_hangedman_alternative
          [nicolae_blade_entry_pointy_end], layout_gridlike, basic_altar
Elf:3:    grunt_elf_hall_asides, layout_geoelf_grid, basic_altar,
          ebering_ghost_disaster_area
Vaults:1: nicolae_vaults_disjoint_gnomons, grunt_vaults_funnel, v_misc_30,
          nicolae_vaults_trapezoid_1, nicolae_vaults_taking_the_gang_shopping,
          v_misc_12, nicolae_vaults_network_quinsquares
          [nicolae_vaults_network_quincunx_subvault,
          nicolae_vaults_network_quincunx_subvault,
          nicolae_vaults_network_quincunx_subvault,
          nicolae_vaults_network_quincunx_subvault], vaults_dpeg_encased_lava,
          nicolae_vaults_surprise_closet_hard, layout_vaults_quadrants,
          serial_shops, shop
Vaults:2: nicolae_vaults_wine_cellar, nicolae_vaults_shrinking_rooms_2,
          minmay_crypt_entry_simple_walls, nicolae_vaults_shipping_containers_1,
          nicolae_vaults_more_shelving_2, nicolae_vaults_network_star,
          nicolae_vaults_sesquioval_fish, hangedman_vaults_pinch,
          vaults_dpeg_emergency_exit, ontoclasm_vaults_decontamination,
          nicolae_vaults_octothorpe, vaults_mumra_lcd, vaults_dpeg_diagonal,
          nicolae_vaults_house_1, nicolae_vaults_little_squares_1,
          layout_vaults_maze_bifur, serial_shops, shop_coins, uniq_norris
Vaults:3: st_squares, grunt_vaults_focal, nicolae_vaults_triangles,
          nicolae_vaults_sesquioval_fish, v_alt_pattern_6,
          hangedman_vaults_maws, ontoclasm_vaults_shuriken,
          nicolae_vaults_diamond_1, hangedman_vaults_nails,
          vaults_room_fancy_cross, layout_vaults_big_room
Vaults:4: vaults_room_door_hall, v_misc_30, v_misc_3, ontoclasm_vaults_echo,
          nicolae_vaults_sightless_eye, nicolae_vaults_mini_display_case,
          vaults_room_pools, v_misc_14, ontoclasm_vaults_ring_small,
          nicolae_vaults_more_shelving_1, nicolae_vaults_trapezoid_3,
          vaults_room_door_ring, nicolae_vaults_diamond_1,
          layout_vaults_omnicross, uniq_sojobo
Vaults:5
Crypt:1:  gammafunk_sealed_arena, layout_regular_city,
          gammafunk_ghost_mausoleum, nicolae_crypt_grave_offerings
Crypt:2:  layout_gridlike, skrybe_necro_troll_2
Crypt:3:  cryptofortress_bobbens
Depths:1: layout_cave_pools, serial_sigils_hangedman_gnaw, pan_entry,
          hell_entry, nicolae_uskayaw_en_pointe, grunt_megastairs_1
Depths:2: minmay_cut_squares, layout_honeycomb, enter_ziggurat_c, hell_entry,
          rand_demon_pan_entry_7, kennysheep_big_empty_room,
          minmay_misc_feat_rugged, nemelex_spade_bored_becter, minmay_shop_grove
Depths:3: minmay_swirls_squares, layout_cave_pools, abyss_entry,
          pf_vacation_house_of_asmodeus
Depths:4: evilmike_zot_entry_diamond, layout_gridlike, enter_trove_1,
          hangedman_tar_grid_catacomb, yredelemnul_forgotten_temple_becter,
          minmay_shop_star, uniq_margery
Zot:1:    layout_basic
Zot:2:    layout_onion_interference, st_stairs_6, grunt_ministairs_14,
          regret_index_zotdec_twisting_globes, uniq_vv
Zot:3:    layout_gridlike, grunt_ministairs_8, kennysheep_underground_church
Zot:4:    gammafunk_dig_for_victory, layout_onion_interference,
          bh_zot_levy_curve, zot_minivault_5
Zot:5:    layout_gridlike, regret_index_zotdec_onion_hex,
          regret_index_zotdec_stipple_waver

Skill      XL: |  1  2  3  4  5  6  7  8  9 10 11 12 13 14 15 16 17 18 19 20 21 22 23 24 25 |
---------------+----------------------------------------------------------------------------+-----
Stealth        | 2 3 4 6 |  6.0
Air Magic      | 1 3 11 13 15 18 19 | 19.0
Spellcasting   | 3 4 6 8 10 12 14 15 17 18 20 21 | 21.0
Conjurations   | 2 3 8 |  8.0
Alchemy        | 4 5 7 8 9 10 11 12 | 12.0
Fighting       | 2 4 6 7 8 10 11 13 15 17 18 20 24 | 24.2
Fire Magic     | 3 |  3.0
Invocations    | 3 6 7 8 10 11 12 | 12.0
Evocations     | 3 4 5 7 |  7.0
Dodging        | 3 5 7 10 | 10.0
Shields        | 2 5 8 13 14 16 18 21 24 27 | 27.0
Ice Magic      | 4 5 |  5.0

Action                     |  1- 3 |  4- 6 |  7- 9 | 10-12 | 13-15 | 16-18 | 19-21 | 22-24 | 25-27 || total
---------------------------+-------+-------+-------+-------+-------+-------+-------+-------+-------++-------
  Melee: Unarmed           |     2 |       |       |       |       |       |       |       |       ||     2
         Staff             |     2 |       |       |       |       |       |    85 |    66 |       ||   153
         Dagger            |     9 |    18 |    45 |    91 |   282 |   126 |     2 |       |       ||   573
         Tailslap          |     1 |       |     7 |    34 |    81 |    39 |    32 |    24 |       ||   218
         Quarterstaff      |       |       |     7 |    56 |       |       |       |       |       ||    63
   Cast: Sting             |    61 |    89 |    51 |     9 |     8 |       |       |       |       ||   218
         Mercury Vapours   |     2 |     7 |     8 |       |     1 |       |       |       |       ||    18
         Olgreb's Toxic Ra |       |       |    49 |   177 |   254 |   144 |   187 |    41 |     2 ||   854
         Sticky Flame      |       |       |     5 |    39 |    64 |    71 |    31 |    11 |       ||   221
         Eringya's Noxious |       |       |       |     6 |    13 |     2 |       |       |       ||    21
         Ozocubu's Armour  |       |       |       |       |     9 |    23 |     6 |       |       ||    38
         Arcjolt           |       |       |       |       |    43 |   466 |   403 |   478 |    37 ||  1427
         Irradiate         |       |       |       |       |    30 |   126 |    78 |    41 |     4 ||   279
         Maxwell's Capacit |       |       |       |       |       |       |    43 |   139 |    40 ||   222
         Apportation       |       |       |       |       |       |       |       |       |     1 ||     1
         Passwall          |       |       |       |       |       |       |       |       |     1 ||     1
 Invoke: Divine Shield     |       |       |       |     2 |     4 |     2 |     1 |     1 |     1 ||    11
         Cleansing Flame   |       |       |       |       |    30 |     4 |     2 |    24 |     6 ||    66
         Summon Divine War |       |       |       |       |       |     1 |       |     1 |       ||     2
Ability: Breathe Dispellin |       |       |     5 |       |     4 |     3 |     1 |     1 |       ||    14
  Evoke: Lightning rod     |       |       |       |       |     3 |    17 |     7 |     4 |       ||    31
         Wand              |       |       |       |       |     5 |    20 |     4 |     1 |       ||    30
         Phial of floods   |       |       |       |       |       |     1 |     2 |       |       ||     3
         Condenser vane    |       |       |       |       |       |     1 |       |       |       ||     1
         Phantom mirror    |       |       |       |       |       |       |     1 |       |       ||     1
    Use: Scroll            |     3 |     2 |     6 |     1 |     6 |    11 |     7 |     9 |     1 ||    46
         Potion            |       |     3 |       |       |     1 |     3 |     1 |     1 |     2 ||    11
 Armour: Skin              |    15 |    33 |    63 |   173 |   420 |   618 |   387 |   407 |    40 ||  2156
  Dodge: Dodged            |    23 |    21 |    54 |   168 |   517 |   379 |   196 |   189 |    20 ||  1567
  Block: Buckler           |       |       |       |    39 |   192 |   141 |       |       |       ||   372
         Kite shield       |       |       |       |       |       |   377 |   473 |   151 |       ||  1001
         Tower shield      |       |       |       |       |       |       |       |   695 |    76 ||   771

Table legend: (Time is in decaauts)
 A = Elapsed time spent in this place.
 B = Non-inter-level travel time spent in this place.
 C = Inter-level travel time spent in this place.
 D = Time resting spent in this place.
 E = Time spent auto-exploring this place.
 F = Levels seen in this place.
 G = Mean time per level.
                   A        B        C        D        E       F      G
               +--------+--------+--------+--------+--------+-----+--------+
         Total |  94819 |  87434 |   7385 |  22750 |  50667 |  53 | 1789.0 |
       Dungeon |  21769 |  18458 |   3311 |   1543 |  14012 |  15 | 1451.3 |
        Temple |    117 |    110 |      7 |     97 |      0 |   1 |  117.0 |
          Lair |   7905 |   7140 |    765 |    567 |   5536 |   5 | 1581.0 |
         Swamp |   8780 |   8315 |    465 |   3651 |   3571 |   4 | 2195.0 |
     Snake Pit |  14142 |  13725 |    417 |   3517 |   8289 |   4 | 3535.5 |
  Orcish Mines |   4714 |   4154 |    560 |    879 |   2566 |   2 | 2357.0 |
   Elven Halls |   7639 |   6990 |    649 |   3106 |   2721 |   3 | 2546.3 |
        Vaults |  11820 |  11154 |    666 |   1777 |   7183 |   5 | 2364.0 |
         Crypt |   3393 |   3297 |     96 |     95 |   2452 |   3 | 1131.0 |
        Depths |   8470 |   8185 |    285 |   3611 |   3410 |   4 | 2117.5 |
           Zot |   5158 |   4998 |    160 |   3779 |    585 |   5 | 1031.6 |
         Trove |    156 |    156 |      0 |      0 |      0 |   1 |  156.0 |
      Ice Cave |    750 |    750 |      0 |    126 |    340 |   1 |  750.0 |
               +--------+--------+--------+--------+--------+-----+--------+

Top non-repeatable levels by time:
 Snake:4: 4844 daAuts
   Zot:5: 4365 daAuts
   Elf:3: 4272 daAuts
 Swamp:3: 3433 daAuts
 Snake:1: 3339 daAuts
   Orc:2: 3289 daAuts
 Snake:3: 3012 daAuts
Depths:4: 2971 daAuts
 Snake:2: 2946 daAuts
Vaults:4: 2868 daAuts
Vaults:1: 2840 daAuts
    D:10: 2730 daAuts
 Swamp:2: 2556 daAuts
Vaults:5: 2487 daAuts
Vaults:2: 2215 daAuts

Table legend:
 A = Kills in this place as a percentage of kills in the entire game.
 B = Kills by you in this place as a percentage of kills by you in the entire game.
 C = Kills by friends in this place as a percentage of kills by friends in the entire game.
 D = Other kills in this place as a percentage of other kills in the entire game.
 E = Experience gained in this place as a percentage of experience gained in the entire game.
 F = Experience gained in this place divided by the number of levels of this place that you have seen.
                   A       B       C       D       E      F
               +-------+-------+-------+-------+-------+----------------------
         Total | 100.0 | 100.0 | 100.0 | 100.0 | 100.0 | 23965.8
       Dungeon |  18.3 |  18.4 |   0.0 |   0.0 |   5.9 | 4973.9
        Temple |   0.0 |   0.0 |   0.0 |   0.0 |   0.0 |   4.0
          Lair |  10.1 |  10.1 |   0.0 |   0.0 |   4.3 | 10878.8
         Swamp |   6.0 |   6.0 |   0.0 |  50.0 |   6.5 | 20590.0
     Snake Pit |  12.7 |  12.6 |  40.0 |  50.0 |  11.9 | 37661.0
  Orcish Mines |   5.7 |   5.7 |   0.0 |   0.0 |   2.0 | 12883.5
   Elven Halls |   5.0 |   5.1 |   0.0 |   0.0 |   6.1 | 25622.7
        Vaults |  20.6 |  20.7 |   0.0 |   0.0 |  28.3 | 71940.0
         Crypt |   7.6 |   7.4 |  60.0 |   0.0 |   7.4 | 31432.7
        Depths |   8.8 |   8.9 |   0.0 |   0.0 |  15.3 | 48428.0
           Zot |   3.8 |   3.8 |   0.0 |   0.0 |  12.1 | 30751.8
      Ice Cave |   1.3 |   1.3 |   0.0 |   0.0 |   0.3 | 4075.0
               +-------+-------+-------+-------+-------+----------------------
